 Dungeon Crawl Stone Soup version 0.30-b1-2-g02819fbbbe (webtiles) character file.

Game seed: 6774954073129443006

143171 Fartwhistle the Skirmisher (level 17, 0/120 (135) HPs)
             Began as a Gnoll Hunter on Sept 11, 2023.
             Was a High Priest of the Shining One.
             Slain by a +1 scimitar of draining (2 damage)
             ... on level 2 of the Elven Halls on Sept 12, 2023.
             The game lasted 02:11:34 (47339 turns).

Fartwhistle the Skirmisher (Gnoll Hunter)          Turns: 47339, Time: 02:11:35

HP:   0/120 (135)   AC: 15    Str: 12    XL:     17   Next: 37%
MP:   33/33         EV: 20    Int: 11    God:    the Shining One [*****.]
Gold: 3696          SH:  0    Dex: 33    Spells: 20/40 levels left

rFire   + . .        s - +4 quarterstaff "Irogor" {flame, rCorr Dex+6}
rCold   . . .        (shield currently unavailable)
rNeg    + + .        n - +1 fire dragon scales
rPois   .            X - +1 hat "Lipnar" {Dex+4}
rElec   +            (no cloak)
rCorr   +            c - +0 pair of gloves
SInv    .            (no boots)
Will    +....        y - amulet of the acrobat
Stlth   ++           Y - ring of the Mauling Traitor {rElec Dex+3 Slay+4}
HPRegen 0.40/turn    Q - ring of ice
MPRegen 0.23/turn

%: acrobat
@: glowing, heavily drained
A: fangs 1, strong nose, distributed training
a: Renounce Religion, Divine Shield, Cleansing Flame, Summon Divine Warrior


You were on level 2 of the Elven Halls.
You worshipped the Shining One.
The Shining One was extremely pleased with you.
You visited 6 branches of the dungeon, and saw 26 of its levels.
You also visited: Gauntlet.

You collected 6095 gold pieces.
You spent 2399 gold pieces at shops.

Inventory:

Hand Weapons
 s - the +4 quarterstaff "Irogor" (weapon) {flame, rCorr Dex+6}
   (You found it on level 10 of the Dungeon)

   Dex:       It affects your dexterity (+6).
   rCorr:     It protects you from acid and corrosion.
 T - a +2 longbow
Missiles
 g - 58 poisoned darts
 C - a throwing net
 M - 7 silver javelins
Armour
 c - a +0 pair of gloves (worn)
 e - the +1 cloak of Yredelemnul {Contam rF++ Dex+4}
   (You found it in a Gauntlet)

   Dex:       It affects your dexterity (+4).
   rF:        It greatly protects you from fire.
   Contam:    It causes magical contamination when unequipped.
 f - a +1 troll leather armour
 n - +1 fire dragon scales (worn)
 L - a +0 buckler of reflection
 X - the +1 hat "Lipnar" (worn) {Dex+4}
   (You acquired it on level 2 of the Lair of Beasts)

   Dex:       It affects your dexterity (+4).
Magical Staves
 V - a staff of conjuration
Jewellery
 h - a ring of resist corrosion
 m - a +4 ring of protection
 t - a ring of flight
 w - a ring of wizardry
 y - an amulet of the acrobat (around neck)
 P - a ring of poison resistance
 Q - a ring of ice (right hand)
 W - an amulet of regeneration
 Y - the ring of the Mauling Traitor (left hand) {rElec Dex+3 Slay+4}
   (You found it on level 12 of the Dungeon)

   [ring of slaying]

   Dex:       It affects your dexterity (+3).
   Slay:      It affects your accuracy & damage with ranged weapons and melee
   (+4).
   rElec:     It insulates you from electricity.
Wands
 r - a wand of polymorph (13)
 D - a wand of digging (4)
 G - a wand of mindburst (12)
 J - a wand of iceblast (8)
 K - a wand of paralysis (31)
 N - a wand of quicksilver (28)
 R - a wand of flame (21)
Scrolls
 b - 9 scrolls of immolation
 d - 3 scrolls of enchant weapon
 i - a scroll of fog
 j - 5 scrolls of teleportation
 u - a scroll of silence
 x - 4 scrolls of amnesia
 A - 4 scrolls of vulnerability
 H - a scroll of fear
 I - 2 scrolls of magic mapping
 U - 8 scrolls of identify
Potions
 a - a potion of berserk rage
 k - 6 potions of mutation
 l - 4 potions of magic
 o - a potion of invisibility
 p - a potion of haste
 q - 3 potions of curing
 v - 2 potions of attraction
 z - 6 potions of flight
 B - 4 potions of might
 E - a potion of resistance
 F - 2 potions of brilliance
Miscellaneous
 O - a box of beasts
 Z - a tin of tremorstones (2/2)


   Skills:
 + Level 12.8 Fighting
 + Level 12.0 Short Blades
 + Level 12.0 Long Blades
 + Level 12.0 Axes
 + Level 12.0 Maces & Flails
 + Level 12.0 Polearms
 + Level 12.0 Staves
 + Level 14.5 Ranged Weapons
 + Level 12.0 Throwing
 + Level 12.0 Armour
 + Level 12.8 Dodging
 + Level 12.2 Stealth
 + Level 12.0 Shields
 + Level 12.0 Unarmed Combat
 + Level 12.0 Spellcasting
 + Level 10.1 Conjurations
 + Level 10.1 Hexes
 + Level 10.1 Summonings
 + Level 10.1 Necromancy
 + Level 10.1 Translocations
 + Level 10.1 Transmutations
 + Level 10.1 Fire Magic
 + Level 10.1 Ice Magic
 + Level 10.1 Air Magic
 + Level 10.1 Earth Magic
 + Level 10.1 Poison Magic
 + Level 13.0 Invocations
 + Level 12.0 Evocations


You had 20 spell levels left.
You knew the following spells:

 Your Spells              Type           Power      Damage    Failure   Level
a - Mephitic Cloud        Conj/Pois/Air  29%        N/A       2%          3
b - Ensorcelled Hibernat  Hex/Ice        86%        N/A       1%          2
c - Sticky Flame          Conj/Fire      29%        2d5       7%          4
d - Summon Lightning Spi  Summ/Air       29%        N/A       7%          4
e - Olgreb's Toxic Radia  Pois           29%        N/A       7%          4
f - Summon Guardian Gole  Hex/Summ       29%        N/A       2%          3

Your spell library contained the following spells:

 Spells                   Type           Power      Damage    Failure   Level
 Beastly Appendage        Tmut           58%        N/A       1%          1
 Sting                    Tmut/Pois      100%       1d8       1%          1
 Summon Small Mammal      Summ           100%       N/A       1%          1
 Poisonous Vapours        Pois/Air       58%        N/A       1%          2
 Wereblood                Tmut           29%        N/A       1%          2
 Call Canine Familiar     Summ           29%        N/A       2%          3
 Inner Flame              Hex/Fire       29%        N/A       2%          3
 Spider Form              Tmut/Pois      29%        N/A       2%          3
 Vhi's Electric Charge    Tloc/Air       58%        N/A       2%          3
 Anguish                  Hex/Necr       14%        N/A       7%          4
 Flame Wave               Conj/Fire      29%        2d9       7%          4
 Arcjolt                  Conj/Air       14%        1d24      21%         5
 Yara's Violent Unravell  Hex/Tmut       14%        3d7       21%         5
 Conjure Ball Lightning   Conj/Air       14%        3x3d6     73%         6
 Plasma Beam              Fire/Air       14%        2x1d28    73%         6
 Statue Form              Tmut/Erth      19%        N/A       73%         6
 Storm Form               Tmut/Air       14%        N/A       99%         7
 Discord                  Hex            14%        N/A       100%        8
 Disjunction              Tloc           14%        N/A       100%        8
 Maxwell's Capacitive Co  Air            14%        ∞         100%        8


Dungeon Overview and Level Annotations

Branches:
Dungeon (15/15)            Temple (1/1) D:4            Lair (5/5) D:10
 Shoals (1/4) Lair:2        Snake (0/4) Lair:2        Slime (0/5) Lair:4
    Orc (2/2) D:11            Elf (2/3) Orc:2        Vaults (0/5) D:14
 Depths (0/4) D:15        Gauntlet (visited)

Altars:
Ashenzari
Cheibriados
Dithmenos
Elyvilon
Fedhas
Gozag
Hepliaklqana
Kikubaaqudgha
Makhleb
Nemelex Xobeh
Okawaru
Qazlal
Ru
Sif Muna
Trog
Uskayaw
Vehumet
Wu Jian
Xom
Yredelemnul
Zin
The Shining One
Jiyva

Shops:
Orc:1 *   Orc:2 :*(([

Annotations:
D:2 1 runed translucent door, Crazy Yiuf
D:7 1 runed translucent door, Fartwhistle's ghost, novice GnHs
D:12 exclusion: downstairs
Lair:4 exclusions: 2 downstairs and oklob plant
Elf:1 4 runed translucent doors
Elf:2 5 runed translucent doors


Innate Abilities, Weirdness & Mutations

You have very sharp teeth.
Your uncanny sense of smell can sniff out nearby items.
Your experience applies equally to all skills.


Message History

The +1 scimitar of draining is severely damaged.
The +1 scimitar of draining hits you! You partially resist.
You feel drained.
You closely miss the +1 scimitar of draining.
The +1 scimitar of draining is severely damaged.
The +1 scimitar of draining hits you!! You partially resist.
You feel drained.
You are too injured to fight recklessly!
You hit the +1 scimitar of draining but do no damage.
The +1 scimitar of draining is severely damaged.
The +1 scimitar of draining hits you but does no damage.
You partially resist.
You hit the +1 scimitar of draining.
You bite the +1 scimitar of draining, but do no damage.
The +1 scimitar of draining is almost destroyed.
The +1 scimitar of draining hits you!!
* * * LOW HITPOINT WARNING * * *
You partially resist.
You feel drained.
* * * LOW HITPOINT WARNING * * *
You hit the +1 scimitar of draining.
The +1 scimitar of draining is almost destroyed.
The +1 scimitar of draining closely misses you.
Unknown command.
You hit the +1 scimitar of draining but do no damage.
You bite the +1 scimitar of draining, but do no damage.
The +1 scimitar of draining is almost destroyed.
The +1 scimitar of draining misses you.
The +1 scimitar of draining closely misses you.
Unknown command.
You hit the +1 scimitar of draining.
The +1 scimitar of draining is almost destroyed.
The +1 scimitar of draining hits you!
* * * LOW HITPOINT WARNING * * *
You partially resist.
You feel drained.
Unknown command.
You hit the +1 scimitar of draining but do no damage.
You bite the +1 scimitar of draining, but do no damage.
The +1 scimitar of draining is almost destroyed.
The +1 scimitar of draining hits you!
* * * LOW HITPOINT WARNING * * *
You partially resist.
You feel drained.
You die...

.. ...# #+## #..#
..... #..# ......
..... #..# .......
......#..# .......
......#..# .......
......(..# .......
......#@.# .......
......#.[# .......
....).#..# .......
......#..#
################..#
.......(..........#
..................#
..................#
'##..###'#..#'##..#


You could see a +1 scimitar of draining.

Vanquished Creatures
  Kirke (Lair:3)
  A deep elf sorcerer (Elf:1)
  An orc warlord (Orc:2)
  A deep elf demonologist (Elf:1)
  A deep elf death mage (Elf:2)
  Josephine (D:13)
  An entropy weaver (shapeshifter) (D:13)
  2 vault guards (D:14)
  A catoblepas (Lair:4)
  2 hydras (Lair:5)
  2 ogre magi (Orc:2)
  Erica (D:9)
  4 centaur warriors
  16 two-headed ogres
  18 death yaks
  3 dancing weapons
  6 boulder beetles
  A deep troll shaman (Lair:5)
  2 tengu warriors
  A two-headed ogre (shapeshifter) (Elf:2)
  An orc high priest (Elf:2)
  Urug (Lair:5)
  A soul eater (Gauntlet)
  6 deep elf knights
  2 skysharks
  Amaemon (Lair:3)
  2 deep trolls
  6 deep elf archers
  A lindwurm (Lair:5)
  A phantasmal warrior (D:13)
  Pikel (D:7)
  3 wizards
  8 harpies
  7 deep elf zephyrmancers
  A necromancer (D:14)
  3 orc sorcerers
  9 oklob plants
  8 orc knights
  A faun (Lair:2)
  12 deep elf pyromancers
  A cyclops (shapeshifter) (D:15)
  11 ugly things
  5 cyclopes
  3 black mambas
  A water nymph (Lair:2)
  A guardian serpent (Lair:2)
  19 elephants
  3 gargoyles
  12 cane toads
  An orange demon (Lair:3)
  A torpor snail (Lair:4)
  Psyche (D:8)
  3 efreet
  An unseen horror (D:10)
  5 rime drakes
  4 komodo dragons
  4 red devils (D:15)
  14 trolls
  3 meliai (D:15)
  A merfolk (Lair:2)
  5 polar bears
  2 dream sheep (Lair:4)
  8 blink frogs
  Prince Ribbit (D:5)
  4 slime creatures
  A vampire (D:10)
  2 air elementals
  35 yaks
  A water elemental (Elf:2)
  2 shadows
  12 humans (D:14)
  5 wraiths
  4 wyverns
  2 hogs (Lair:3)
  2 vampire mosquitoes
  A fire elemental (Elf:1)
  4 basilisks
  2 steam dragons
  2 acid dragons
  3 nagas (Lair:2)
  3 wargs (Orc:1)
  Duvessa (D:5)
  17 water moccasins
  7 black bears
  A sky beast (D:6)
  21 ogres
  14 orc warriors
  An ice beast (D:6)
  12 wolves
  13 centaurs
  2 boggarts
  4 lemures (D:6)
  3 kobold brigands
  Blork the orc (D:5)
  10 bullfrogs
  A gnoll sergeant (D:12)
  An earth elemental (Elf:2)
  4 scorpions
  7 wights
  Dowan (D:5)
  13 killer bees
  3 howler monkeys
  3 jellies
  4 hounds
  11 orc priests
  2 gnoll boudas
  Ijyb (D:5)
  4 iguanas
  Natasha (thrice) (D:2)
  15 orc wizards
  A sleepcap (D:4)
  14 gnolls
  10 adders
  2 shadow imps (Gauntlet)
  An ufetubus (D:6)
  5 worms
  2 dart slugs
  58 orcs
  3 endoplasms
  3 giant cockroaches
  4 hobgoblins
  10 jackals
  14 kobolds
  4 quokkas
  3 ball pythons
  5 bats
  3 frilled lizards
  9 goblins
  7 rats
674 creatures vanquished.

Vanquished Creatures (collateral kills)
  Saint Roka (Orc:2)
  A deep elf elementalist (Elf:2)
  A minotaur (Gauntlet)
  A great orb of eyes (Gauntlet)
  A vault guard (D:14)
  4 dancing weapons
  A tengu warrior (D:15)
  A deep elf knight (Elf:1)
  3 deep elf zephyrmancers
  2 orc knights
  A deep elf archer (Elf:1)
  A wizard (Elf:1)
  6 ugly things
  2 deep elf pyromancers (Elf:2)
  A worldbinder (Gauntlet)
  A freezing wraith (D:15)
  3 humans (D:14)
  2 wargs
  2 orc warriors
  2 boggarts (Gauntlet)
  A centaur (D:14)
  An orc wizard (Orc:2)
  3 orcs
42 creatures vanquished.

Vanquished Creatures (others)
  A killer bee (D:8)
  An orc priest (D:8)
  An orc (D:8)
  77 fungi
  126 plants
  14 withered plants (Gauntlet)
220 creatures vanquished.

Grand Total: 936 creatures vanquished

Notes
Turn   | Place    | Note
-------+----------+-------------------------------------------
     0 | D:1      | Fartwhistle the Gnoll Hunter began the quest for the Orb.
     0 | D:1      | Reached XP level 1. HP: 20/20 MP: 1/1
    42 | D:1      | Reached XP level 2. HP: 26/26 MP: 2/2
   243 | D:1      | Reached XP level 3. HP: 30/31 MP: 3/3
   847 | D:2      | Noticed Natasha
   858 | D:2      | Killed Natasha
   859 | D:2      | Reached skill level 1 in Short Blades
   859 | D:2      | Reached skill level 1 in Long Blades
   859 | D:2      | Reached skill level 1 in Axes
   859 | D:2      | Reached skill level 1 in Maces & Flails
   859 | D:2      | Reached skill level 1 in Polearms
   859 | D:2      | Reached skill level 1 in Staves
   859 | D:2      | Reached skill level 1 in Throwing
   859 | D:2      | Reached skill level 1 in Armour
   859 | D:2      | Reached skill level 1 in Shields
   859 | D:2      | Reached skill level 1 in Unarmed Combat
   859 | D:2      | Reached skill level 1 in Spellcasting
   859 | D:2      | Reached skill level 1 in Invocations
   859 | D:2      | Reached skill level 1 in Evocations
   885 | D:2      | Noticed Natasha
   890 | D:2      | Killed Natasha
   891 | D:2      | Reached skill level 1 in Conjurations
   891 | D:2      | Reached skill level 1 in Hexes
   891 | D:2      | Reached skill level 1 in Summonings
   891 | D:2      | Reached skill level 1 in Necromancy
   891 | D:2      | Reached skill level 1 in Translocations
   891 | D:2      | Reached skill level 1 in Transmutations
   891 | D:2      | Reached skill level 1 in Fire Magic
   891 | D:2      | Reached skill level 1 in Ice Magic
   891 | D:2      | Reached skill level 1 in Air Magic
   891 | D:2      | Reached skill level 1 in Earth Magic
   891 | D:2      | Reached skill level 1 in Poison Magic
   891 | D:2      | Reached XP level 4. HP: 28/38 MP: 5/5
   993 | D:2      | Found a faded altar of an unknown god.
  1485 | D:2      | Noticed Natasha
  1506 | D:2      | Killed Natasha
  1507 | D:2      | Reached XP level 5. HP: 43/43 MP: 5/7
  2071 | D:2      | Found a runed translucent door.
  2072 | D:2      | Noticed Crazy Yiuf
  2755 | D:3      | Found a shimmering altar of Xom.
  2942 | D:4      | Found a staircase to the Ecumenical Temple.
  2977 | Temple   | Entered the Ecumenical Temple
  3061 | Temple   | Became a worshipper of the Shining One
  3109 | D:4      | Reached XP level 6. HP: 31/50 MP: 8/8
  3132 | D:5      | Entered Level 5 of the Dungeon
  3216 | D:5      | Noticed a black bear
  3239 | D:4      | Reached skill level 5 in Fighting
  3239 | D:4      | Reached skill level 5 in Dodging
  3528 | D:4      | Found an opulent altar of Gozag.
  3595 | D:4      | Found a sparkling altar of Nemelex Xobeh.
  3681 | D:4      | Noticed a black bear
  3691 | D:4      | Killed a black bear
  3692 | D:4      | Reached XP level 7. HP: 50/56 MP: 10/10
  4024 | D:4      | Found an iron altar of Okawaru.
  4090 | D:4      | Found a stormy altar of Qazlal.
  4543 | D:5      | Reached skill level 9 in Ranged Weapons
  4663 | D:5      | Noticed Blork the orc
  4748 | D:5      | Found a shadowy altar of Dithmenos.
  4861 | D:5      | Noticed Ijyb
  4890 | D:5      | Noticed Duvessa
  4902 | D:5      | Killed Duvessa
  4902 | D:5      | Noticed Dowan
  4979 | D:5      | Killed Dowan
  4980 | D:5      | Reached XP level 8. HP: 55/63 MP: 12/12
  5113 | D:5      | Noticed Prince Ribbit
  5131 | D:5      | Killed Prince Ribbit
  5417 | D:5      | Killed Blork the orc
  5965 | D:6      | Reached * piety under the Shining One
  6400 | D:6      | Found a sacrificial altar of Ru.
  6409 | D:6      | Reached XP level 9. HP: 62/69 MP: 13/15
  6442 | D:6      | Got the Atlas of Turbulent Flesh
  6447 | D:6      | Learned a level 3 spell: Mephitic Cloud
  7744 | D:5      | Paralysed by Ijyb for 5 turns
  7756 | D:5      | Killed Ijyb
  8338 | D:7      | Noticed Fartwhistle's ghost (novice GnHs)
  8471 | D:7      | Found a runed translucent door.
  8478 | D:7      | Noticed Pikel
  8667 | D:7      | Reached skill level 5 in Stealth
  9663 | D:7      | Killed Pikel
  9664 | D:7      | Reached skill level 5 in Invocations
 10655 | D:8      | Reached skill level 5 in Short Blades
 10655 | D:8      | Reached skill level 5 in Long Blades
 10655 | D:8      | Reached skill level 5 in Axes
 10655 | D:8      | Reached skill level 5 in Maces & Flails
 10655 | D:8      | Reached skill level 5 in Polearms
 10655 | D:8      | Reached skill level 5 in Staves
 10655 | D:8      | Reached skill level 5 in Throwing
 10655 | D:8      | Reached skill level 5 in Armour
 10655 | D:8      | Reached skill level 5 in Shields
 10655 | D:8      | Reached skill level 5 in Unarmed Combat
 10655 | D:8      | Reached skill level 5 in Spellcasting
 10655 | D:8      | Reached skill level 5 in Evocations
 10655 | D:8      | Reached XP level 10. HP: 65/77 MP: 17/17
 10827 | D:8      | Noticed Psyche
 10866 | D:8      | Killed Psyche
 10867 | D:8      | Reached skill level 10 in Ranged Weapons
 11159 | D:8      | HP: 3/79 [yak (12)]
 11352 | D:8      | Reached ** piety under the Shining One
 12128 | D:9      | Found a basalt altar of Yredelemnul.
 12207 | D:9      | Reached skill level 5 in Conjurations
 12207 | D:9      | Reached skill level 5 in Hexes
 12207 | D:9      | Reached skill level 5 in Summonings
 12207 | D:9      | Reached skill level 5 in Necromancy
 12207 | D:9      | Reached skill level 5 in Translocations
 12207 | D:9      | Reached skill level 5 in Transmutations
 12207 | D:9      | Reached skill level 5 in Fire Magic
 12207 | D:9      | Reached skill level 5 in Ice Magic
 12207 | D:9      | Reached skill level 5 in Air Magic
 12207 | D:9      | Reached skill level 5 in Earth Magic
 12207 | D:9      | Reached skill level 5 in Poison Magic
 12432 | D:9      | Reached XP level 11. HP: 55/85 MP: 20/20
 12703 | D:9      | Noticed Erica
 12717 | D:9      | Killed Erica
 12948 | D:9      | Found a hazy altar of Hepliaklqana.
 13063 | D:10     | Entered Level 10 of the Dungeon
 13415 | D:10     | Identified the +4 quarterstaff "Irogor" {flame, rCorr
                  | Dex+6}
 13814 | D:10     | Found a staircase to the Lair.
 13978 | D:10     | Found a shimmering blue altar of Sif Muna.
 14196 | D:11     | Noticed a two-headed ogre
 14224 | D:11     | Killed a two-headed ogre
 14286 | D:11     | Noticed a two-headed ogre
 14329 | D:11     | Killed a two-headed ogre
 14552 | D:11     | Noticed a two-headed ogre
 14629 | D:11     | Found a staircase to the Orcish Mines.
 14958 | D:11     | Killed a two-headed ogre
 14959 | D:11     | Reached skill level 11 in Ranged Weapons
 15070 | D:12     | Noticed a boulder beetle
 15108 | Lair:1   | Entered Level 1 of the Lair of Beasts
 15115 | Lair:1   | Learned a level 2 spell: Ensorcelled Hibernation
 15508 | Lair:1   | Reached XP level 12. HP: 84/94 MP: 22/22
 15784 | Lair:1   | Reached *** piety under the Shining One
 16787 | Lair:2   | Found a staircase to the Shoals.
 17044 | Lair:2   | Found a staircase to the Snake Pit.
 17401 | Lair:2   | Noticed a boulder beetle
 17426 | Lair:2   | Killed a boulder beetle
 17488 | Lair:2   | Found the +3 pair of seven-league boots {Rampage+∞}
 17631 | Lair:2   | Identified 4 scrolls of acquirement
 17631 | Lair:2   | Acquired 1087 gold pieces
 17633 | Lair:2   | Acquired 564 gold pieces
 17635 | Lair:2   | Acquired the +1 hat "Lipnar" {Dex+4}
 17648 | Lair:2   | Acquired 1096 gold pieces
 18014 | Lair:3   | Noticed Amaemon
 18274 | Lair:3   | Reached XP level 13. HP: 89/101 MP: 22/25
 18382 | Lair:3   | Noticed Kirke
 18398 | Lair:3   | Killed Kirke
 18858 | Lair:3   | Killed Amaemon
 19729 | Lair:4   | Reached skill level 12 in Ranged Weapons
 20410 | Lair:4   | Found a viscous altar of Jiyva.
 20413 | Lair:4   | Found a staircase to the Slime Pits.
 21730 | Lair:4   | Reached skill level 10 in Fighting
 21730 | Lair:4   | Reached skill level 10 in Dodging
 22815 | Lair:5   | Entered Level 5 of the Lair of Beasts
 24687 | D:12     | Reached **** piety under the Shining One
 24708 | D:12     | Reached XP level 14. HP: 84/110 MP: 24/27
 25211 | D:11     | Reached skill level 10 in Invocations
 25741 | D:12     | Found a bloodstained altar of Trog.
 25747 | D:12     | Identified the ring of the Mauling Traitor {rElec Dex+3
                  | Slay+4}
 27308 | Lair:4   | Learned a level 4 spell: Sticky Flame
 28801 | Lair:5   | Reached skill level 10 in Stealth
 29138 | Lair:5   | Noticed Urug
 29145 | Lair:5   | Killed Urug
 29211 | Lair:5   | Identified the staff of poison "Roullass" {rElec rPois}
 30430 | Lair:5   | Reached skill level 10 in Short Blades
 30430 | Lair:5   | Reached skill level 10 in Long Blades
 30430 | Lair:5   | Reached skill level 10 in Axes
 30430 | Lair:5   | Reached skill level 10 in Maces & Flails
 30430 | Lair:5   | Reached skill level 10 in Polearms
 30430 | Lair:5   | Reached skill level 10 in Staves
 30430 | Lair:5   | Reached skill level 10 in Throwing
 30430 | Lair:5   | Reached skill level 10 in Armour
 30430 | Lair:5   | Reached skill level 10 in Shields
 30430 | Lair:5   | Reached skill level 10 in Unarmed Combat
 30430 | Lair:5   | Reached skill level 10 in Spellcasting
 30430 | Lair:5   | Reached skill level 10 in Evocations
 30821 | Lair:5   | Reached skill level 13 in Ranged Weapons
 31120 | Lair:5   | Reached XP level 15. HP: 105/118 MP: 29/29
 31128 | Lair:5   | Identified the +0 robe "Ofed" {rC- rCorr Dex+6}
 31135 | Lair:5   | Identified the +1 chain mail of the Land of Plenty {Drain
                  | rN+++ Regen+ Str-5}
 31566 | D:13     | Noticed Josephine
 31581 | D:13     | Killed Josephine
 32628 | D:14     | Found a gate leading to a gauntlet.
 32649 | Gauntlet | Entered a Gauntlet
 32649 | Gauntlet | Found a transporter.
 32659 | Gauntlet | Found a transporter.
 32674 | Gauntlet | Found a transporter.
 32676 | Gauntlet | Found a large runed translucent door.
 32676 | Gauntlet | Found a large runed translucent door.
 32677 | Gauntlet | Found a large runed translucent door.
 32677 | Gauntlet | Found a large runed translucent door.
 32678 | Gauntlet | Found a large runed translucent door.
 32678 | Gauntlet | Found a large runed translucent door.
 32678 | Gauntlet | Found a runed translucent door.
 32678 | Gauntlet | Found a runed translucent door.
 32678 | Gauntlet | Found a large runed translucent door.
 32679 | Gauntlet | Found a transporter.
 32696 | Gauntlet | Found a transporter.
 32710 | Gauntlet | Found a large runed translucent door.
 32711 | Gauntlet | Found a large runed translucent door.
 32711 | Gauntlet | Reached ***** piety under the Shining One
 32712 | Gauntlet | Found a large runed translucent door.
 32712 | Gauntlet | Found a large runed translucent door.
 32713 | Gauntlet | Found a runed translucent gate.
 32714 | Gauntlet | Found a transporter.
 32714 | Gauntlet | Found a runed translucent gate.
 32715 | Gauntlet | Found a runed translucent gate.
 32716 | Gauntlet | Found a large runed translucent door.
 32716 | Gauntlet | Found a large runed translucent door.
 32717 | Gauntlet | Found a large runed translucent door.
 32718 | Gauntlet | Found a large runed translucent door.
 32726 | Gauntlet | Found a transporter.
 32728 | Gauntlet | Noticed a balrug
 32738 | Gauntlet | Found a transporter.
 32750 | Gauntlet | Found a transporter.
 32762 | Gauntlet | Found a transporter.
 32779 | Gauntlet | Found a transporter.
 32779 | Gauntlet | Found a transporter.
 32799 | Gauntlet | Found a transporter.
 32821 | Gauntlet | Found a transporter.
 32839 | Gauntlet | Found a large runed translucent door.
 32845 | Gauntlet | Found a transporter.
 32923 | Gauntlet | Found a transporter.
 32950 | Gauntlet | Found a transporter.
 32968 | Gauntlet | Found a transporter.
 33301 | Gauntlet | Identified the +1 leather armour "Janotife" {Fly}
 33306 | Gauntlet | Identified the +1 cloak of Yredelemnul {Contam rF++ Dex+4}
 33610 | Gauntlet | Identified the +4 trident of Armageddon {chaos, rElec rN+++
                  | Str+3 Dex-3}
 33779 | D:13     | Learned a level 4 spell: Summon Lightning Spire
 35462 | D:14     | Found a gate to the Vaults.
 35885 | Orc:1    | Entered Level 1 of the Orcish Mines
 37308 | Orc:1    | Found Munkuf's General Store.
 37321 | Orc:1    | Bought a scroll of enchant weapon for 112 gold pieces
 37321 | Orc:1    | Bought a scroll of enchant weapon for 112 gold pieces
 37449 | Orc:2    | Entered Level 2 of the Orcish Mines
 37464 | Orc:2    | Noticed Saint Roka
 38220 | Orc:1    | Reached XP level 16. HP: 127/127 MP: 30/30
 38801 | Orc:2    | Found Ywkoaxe's Antique Weapon Shoppe.
 38815 | Orc:2    | Found Noerim's Assorted Antiques.
 39060 | Orc:2    | Found Ykhorph's Book Boutique.
 39064 | Orc:2    | Bought a glowing arbalest for 217 gold pieces
 39084 | Orc:2    | Bought a scroll of fear for 84 gold pieces
 39084 | Orc:2    | Bought a scroll of acquirement for 1092 gold pieces
 39084 | Orc:2    | Bought a scroll of identify for 42 gold pieces
 39089 | Orc:2    | Acquired 717 gold pieces
 39179 | Orc:2    | Found Ussuexuj's Antique Weapon Emporium.
 39183 | Orc:2    | Bought a Young Poisoner's Handbook for 320 gold pieces
 39188 | Orc:2    | Learned a level 4 spell: Olgreb's Toxic Radiance
 40062 | Orc:2    | Found a staircase to the Elven Halls.
 40151 | Orc:2    | Found Doode's Antique Armour Shop.
 40159 | Orc:2    | Bought an encrusted leather armour for 203 gold pieces
 40159 | Orc:2    | Identified the +0 leather armour of Midwinter {Slay+3
                  | Stlth+} (You bought it in a shop on level 2 of the Orcish
                  | Mines)
 40159 | Orc:2    | Bought a glowing helmet for 217 gold pieces
 40350 | Orc:2    | Killed Saint Roka
 40650 | D:15     | Entered Level 15 of the Dungeon
 40900 | D:15     | Reached skill level 14 in Ranged Weapons
 41310 | D:15     | Found a staircase to the Depths.
 41317 | D:15     | The Shining One protects you from harm!
 41330 | D:15     | HP: 3/127 [orc knight/+0 great sword (23)]
 42428 | Shoals:1 | Entered Level 1 of the Shoals
 43807 | Elf:1    | Entered Level 1 of the Elven Halls
 43807 | Elf:1    | Found a runed translucent gate.
 43807 | Elf:1    | Found a runed translucent gate.
 43807 | Elf:1    | Found a runed translucent gate.
 43807 | Elf:1    | Found a runed translucent gate.
 43807 | Elf:1    | Found a runed translucent gate.
 43807 | Elf:1    | Found a runed translucent gate.
 43808 | Elf:1    | Found a runed translucent door.
 44392 | Elf:1    | Learned a level 3 spell: Summon Guardian Golem
 44927 | Elf:1    | Found a runed translucent door.
 45077 | Elf:1    | Reached XP level 17. HP: 84/135 MP: 25/32
 45937 | Elf:1    | Noticed an Executioner
 45940 | Elf:1    | Reached skill level 10 in Conjurations
 45940 | Elf:1    | Reached skill level 10 in Hexes
 45940 | Elf:1    | Reached skill level 10 in Summonings
 45940 | Elf:1    | Reached skill level 10 in Necromancy
 45940 | Elf:1    | Reached skill level 10 in Translocations
 45940 | Elf:1    | Reached skill level 10 in Transmutations
 45940 | Elf:1    | Reached skill level 10 in Fire Magic
 45940 | Elf:1    | Reached skill level 10 in Ice Magic
 45940 | Elf:1    | Reached skill level 10 in Air Magic
 45940 | Elf:1    | Reached skill level 10 in Earth Magic
 45940 | Elf:1    | Reached skill level 10 in Poison Magic
 46859 | Elf:2    | Found a huge runed translucent gate.
 46859 | Elf:2    | Found a huge runed translucent gate.
 46859 | Elf:2    | Found a huge runed translucent gate.
 46859 | Elf:2    | Found a huge runed translucent gate.
 46860 | Elf:2    | Found a huge runed translucent gate.
 47339 | Elf:2    | HP: 2/121 [+1 scimitar of draining (17)]
 47339 | Elf:2    | Slain by a +1 scimitar of draining

Illustrated notes

Levels and vault maps discovered:
D:1:      sevenhm_arrival_forest_fort_small_5, layout_basic
D:2:      layout_basic, shapermc_ecumenical_altar_ellora, uniq_natasha,
          uniq_crazy_yiuf_cottage
D:3:      layout_basic, lemuel_coloured_pillars_altar
D:4:      layout_layer_cave, kennysheep_little_box, grunt_gozag_breadcrumbs,
          nicolae_qazlal_general_emergency, okawaru_altar_gauntlet_db,
          minmay_temple_entry_statues, minivault_11,
          hangedman_decor_clover_reticule, minivault_5
D:5:      layout_basic, grunt_dithmenos_smoke_and_mirrors, serial_bayou_pond_d,
          uniq_duvessa, uniq_blork_the_orc, uniq_prince_ribbit1, uniq_ijyb
D:6:      layout_layer_cave, nicolae_ru_awakened_eye, corexii_corridor_pit,
          kennysheep_boxes
D:7:      layout_gridville, hellmonk_ghost_happy_afterlife, uniq_pikel
D:8:      layout_basic, chequers_serial_rivers_marsh, uniq_psyche
D:9:      layout_loops_corners, mainiacjoe_overflow_cross_hatched,
          mainiacjoe_overflow_catwalk, uniq_erica
D:10:     layout_roguey, lemuel_blue_sif_altar, due_lair_maze_entry_diamond,
          dreamdust_princess_bridge
D:11:     layout_roguey, orc_0_dummy
D:12:     layout_rooms, st_stairs_10, bloody_trog
D:13:     layout_basic, kennysheep_just_a_vault, uniq_josephine
D:14:     layout_roguey, grunt_vaults_entry_tiered, gauntlet_entry_generic,
          hellmonk_bongcloud_opening
D:15:     grunt_enter_depths_hoard, layout_grid_maze,
          einodemon_armed_red_devil_minivault
Temple:   nicolae_temple_ecumenical_triangle
Lair:1:   layout_gridlike, serial_bayou_shore_b, infiniplex_staircase_pool_2
Lair:2:   layout_regular_city, nicolae_shoals_entry_flooding,
          nicolae_snake_entry_squirm, hellmonk_guarded_unrand_seven_league_boots
Lair:3:   layout_roguey, nicolae_quartered_pool_impasse, grunt_megastairs_1,
          lemuel_fruit_tree, uniq_amaemon, uniq_kirke
Lair:4:   layout_gridlike, minmay_slime_entry_oklob_open, dpeg_oklob_1
Lair:5:   grunt_lair_end_beastmaster, layout_loops_ring, portal_ice_cave_rime,
          minivault_23, minmay_lair_oklob_items, serial_bayou_shore_b, uniq_urug
Shoals:1: layout_shoals
Orc:1:    layout_caves, guppyfry_orc_lava_fort
Orc:2:    st_orc_open, layout_caves, serial_shops, shop_statue, mines2_lemuel,
          uniq_saint_roka
Elf:1:    nicolae_elf_arrival_dilemma, layout_loops_corners,
          hangedman_elf_disciples, hangedman_elven_pyramids
Elf:2:    elven_hall_of_blades_hangedman_alternative
          [nicolae_blade_little_rooms], layout_onion_city, uniq_azrael

Skill      XL: |  1  2  3  4  5  6  7  8  9 10 11 12 13 14 15 16 17 |
---------------+----------------------------------------------------+-----
Short Blades   | 1 2 3 4 5 6 7 8 9 10 11 12 | 12.0
Long Blades    | 1 2 3 4 5 6 7 8 9 10 11 12 | 12.0
Axes           | 1 2 3 4 5 6 7 8 9 10 11 12 | 12.0
Maces & Flails | 1 2 3 4 5 6 7 8 9 10 11 12 | 12.0
Polearms       | 1 2 3 4 5 6 7 8 9 10 11 12 | 12.0
Staves         | 1 2 3 4 5 6 7 8 9 10 11 12 | 12.0
Throwing       | 1 2 3 4 5 6 7 8 9 10 11 12 | 12.0
Armour         | 1 2 3 4 5 6 7 8 9 10 11 12 | 12.0
Shields        | 1 2 3 4 5 6 7 8 9 10 11 12 | 12.0
Unarmed Combat | 1 2 3 4 5 6 7 8 9 10 11 12 | 12.0
Spellcasting   | 1 2 3 4 5 6 7 8 9 10 11 12 | 12.0
Invocations    | 1 2 3 4 5 6 7 8 9 10 11 12 13 | 13.0
Evocations     | 1 2 3 4 5 6 7 8 9 10 11 12 | 12.0
Conjurations   | 1 2 3 4 5 6 7 8 9 10 | 10.1
Hexes          | 1 2 3 4 5 6 7 8 9 10 | 10.1
Summonings     | 1 2 3 4 5 6 7 8 9 10 | 10.1
Necromancy     | 1 2 3 4 5 6 7 8 9 10 | 10.1
Translocations | 1 2 3 4 5 6 7 8 9 10 | 10.1
Transmutations | 1 2 3 4 5 6 7 8 9 10 | 10.1
Fire Magic     | 1 2 3 4 5 6 7 8 9 10 | 10.1
Ice Magic      | 1 2 3 4 5 6 7 8 9 10 | 10.1
Air Magic      | 1 2 3 4 5 6 7 8 9 10 | 10.1
Earth Magic    | 1 2 3 4 5 6 7 8 9 10 | 10.1
Poison Magic   | 1 2 3 4 5 6 7 8 9 10 | 10.1
Stealth        | 3 4 5 6 7 8 9 10 11 12 | 12.2
Fighting       | 5 6 7 8 9 10 11 12 | 12.8
Dodging        | 5 6 7 8 9 10 11 12 | 12.8
Ranged Weapons | 9 10 11 12 13 14 | 14.5

Action                     |  1- 3 |  4- 6 |  7- 9 | 10-12 | 13-15 | 16-18 || total
---------------------------+-------+-------+-------+-------+-------+-------++-------
  Melee: Dagger            |       |     1 |    52 |       |       |       ||    53
         Shortbow          |       |     1 |       |       |       |       ||     1
         Bite              |       |       |    14 |    49 |    59 |     6 ||   128
         Punch             |       |       |     5 |       |       |       ||     5
         Whip              |       |       |    16 |    42 |       |       ||    58
         Quarterstaff      |       |       |       |   210 |   276 |    38 ||   524
   Fire: Shortbow          |    67 |   176 |   387 |   443 |       |       ||  1073
         Longbow           |       |       |       |   181 |   860 |   401 ||  1442
  Throw: Dart              |       |       |    20 |     5 |       |       ||    25
         Throwing net      |       |       |     3 |       |       |       ||     3
   Cast: Mephitic Cloud    |       |       |       |    47 |    33 |     5 ||    85
         Sticky Flame      |       |       |       |       |    53 |    25 ||    78
         Summon Lightning  |       |       |       |       |    27 |    25 ||    52
         Olgreb's Toxic Ra |       |       |       |       |       |    52 ||    52
         Summon Guardian G |       |       |       |       |       |     2 ||     2
 Invoke: Cleansing Flame   |       |       |       |     1 |     5 |     1 ||     7
         Divine Shield     |       |       |       |       |     4 |       ||     4
         Summon Divine War |       |       |       |       |     3 |     2 ||     5
  Evoke: Wand              |       |       |     3 |    27 |    39 |     7 ||    76
         Box of beasts     |       |       |       |       |     2 |     1 ||     3
         Tin of tremorston |       |       |       |       |     1 |     2 ||     3
    Use: Scroll            |       |     1 |     7 |    15 |    25 |     7 ||    55
         Potion            |       |       |     2 |     2 |     2 |     5 ||    11
 Armour: Ring mail         |    12 |    31 |    33 |       |       |       ||    76
         Leather armour    |       |       |    30 |    20 |       |       ||    50
         Troll leather arm |       |       |       |    68 |       |       ||    68
         Fire dragon scale |       |       |       |    12 |   379 |   143 ||   534
         Skin              |       |       |       |       |       |    23 ||    23
  Dodge: Dodged            |     6 |    77 |   190 |   397 |   734 |   382 ||  1786
  Block: Other             |       |       |       |       |     7 |       ||     7
